 Dungeon Crawl Stone Soup version 0.19.3-1-g3169bf9 (webtiles) character file.

455 PossumBlood the Thaumaturge (level 6, 0/32 HPs)
             Began as a Deep Elf Wizard on Jan 24, 2017.
             Slain by a white imp (3 damage)
             ... summoned by Eustachio
             ... on level 4 of the Dungeon.
             The game lasted 00:09:52 (4063 turns).

PossumBlood the Thaumaturge (Deep Elf Wizard)       Turns: 4063, Time: 00:09:54

Health: 0/32       AC:  5    Str:  4    XL:     6   Next: 76%
Magic:  8/19       EV: 13    Int: 25    God:
Gold:   133        SH:  0    Dex: 13    Spells: 5 memorised, 12 levels left

rFire  . . .     SeeInvis .     j - +2 dagger (holy)
rCold  . . .     Gourm    .     a - +0 robe
rNeg   . . .     Faith    .     (no shield)
rPois  .         Spirit   .     b - +0 hat
rElec  .         Reflect  .     k - +1 cloak
rCorr  .         Harm     .     n - +0 pair of gloves
MR     .....                    (no boots)
Stlth  ++........               (no amulet)
                                (no ring)
                                (no ring)

@: no status effects
A: no striking features
a: no special abilities


You were on level 4 of the Dungeon.
You were not hungry.

You visited 1 branch of the dungeon, and saw 4 of its levels.

You collected 133 gold pieces.

Inventory:

Hand Weapons
 j - a +2 dagger of holy wrath (weapon)
Armour
 a - a +0 robe (worn)
 b - a +0 hat (worn)
 k - a +1 cloak (worn)
 n - a +0 pair of gloves (worn)
Scrolls
 f - 3 scrolls of identify
 g - 2 scrolls of recharging
 h - a scroll of enchant weapon
Potions
 e - a potion of ambrosia
 i - a potion of might
 m - 3 potions of curing {unknown}
Books
 c - a book of Minor Magic

   Spells                             Type                      Level
   a - Magic Dart                     Conjuration                  1
   b - Blink                          Translocation                2
   c - Call Imp                       Summoning                    2
   d - Repel Missiles                 Charms/Air                   2
   e - Slow                           Hexes                        2
   f - Conjure Flame                  Conjuration/Fire             3
   g - Mephitic Cloud                 Conjuration/Poison/Air       3
 o - a book of Misfortune

   Spells                             Type                      Level
   a - Confusing Touch                Hexes                        1
   b - Confuse                        Hexes                        3
   c - Gell's Gravitas                Hexes/Translocation          3
   d - Petrify                        Transmutation/Earth          4
   e - Metabolic Englaciation         Hexes/Ice                    5
   f - Yara's Violent Unravelling     Hexes/Transmutation          5
Comestibles
 d - 2 bread rations
 l - 2 meat rations
 p - 4 fruits
 q - a beef jerky


   Skills:
 - Level 2.4 Dodging
 - Level 2.4 Stealth
 * Level 8.9 Spellcasting
 + Level 4.3 Conjurations
   Level 1.1 Summonings
 - Level 1.1 Translocations


You had 12 spell levels left.
You knew the following spells:

 Your Spells              Type           Power        Failure   Level  Hunger
a - Magic Dart            Conj           ####         1%          1    None
b - Blink                 Tloc           N/A          8%          2    None
c - Repel Missiles        Chrm/Air       ##....       10%         2    None
d - Slow                  Hex            ##......     10%         2    None
e - Conjure Flame         Conj/Fire      ###.....     10%         3    None


Dungeon Overview and Level Annotations

Branches:
Dungeon (4/15)
 Temple: D:4-7

Altars:
Ru

Annotations:
D:4 Eustachio


Message History

Aiming: Magic Dart
Press: ? - help, Shift-Dir - straight line, f/p - Eustachio
Aim: Eustachio, wielding a rapier and wearing a leather armour (severely wounded, fast)
The magic dart hits Eustachio.
Eustachio is almost dead.
Eustachio mumbles some strange words.
Eustachio blinks!
The white imp closely misses you.
Eustachio mumbles some strange words.
Casting: Magic Dart
Confirm with . or Enter, or press ? or * to list all spells.
Aiming: Magic Dart
Press: ? - help, Shift-Dir - straight line, f/p - Eustachio
Aim: Eustachio, wielding a rapier and wearing a leather armour (almost dead, fast)
The magic dart hits Eustachio.
Eustachio is almost dead.
The bat completely misses you. The bat hits you but does no damage.
The white imp hits you.
* * * LOW HITPOINT WARNING * * *
The white imp freezes you.
You die...

.......##.##
..........
........ ......#
#..... #....
...###5b#
......)@#########
####
.######@........#
....
........######.#
####
#.#.######..# #.#
#. #.#.# #..# #.#
#. #.#.# #..# #.#
#. ###.#.# #..#
#.# #. .#... ....
#.#######. ...#
.... #.........


You could see Eustachio, a white imp and a bat.

Vanquished Creatures
  Menkaure (D:4)
  The ghost of fatfloppyjuicyveiny the Bolt Thrower, an amateur KoHu (D:4)
  A hound (D:3)
  A worker ant (D:4)
  A hound skeleton (D:4)
  Robin (D:3)
  A howler monkey skeleton (D:4)
  4 adders
  4 oozes
  4 worms
  A dart slug (D:1)
  2 leopard geckos
  2 orcs
  A ball python (D:1)
  10 bats
  A giant cockroach (D:1)
  9 goblins
  11 hobgoblins
  3 jackals (D:3)
  6 frilled lizards
  3 kobolds
  8 rats
76 creatures vanquished.

Notes
Turn   | Place    | Note
-------+----------+-------------------------------------------
     0 | D:1      | PossumBlood the Deep Elf Wizard began the quest for the Orb.
     0 | D:1      | Reached XP level 1. HP: 10/10 MP: 7/7
   189 | D:1      | Reached skill level 5 in Spellcasting
   189 | D:1      | Reached XP level 2. HP: 15/15 MP: 5/10
   913 | D:1      | Reached XP level 3. HP: 12/19 MP: 4/12
  1304 | D:1      | Learned a level 2 spell: Blink
  1307 | D:1      | Learned a level 2 spell: Repel Missiles
  1310 | D:1      | Learned a level 2 spell: Slow
  1314 | D:1      | Learned a level 3 spell: Conjure Flame
  1531 | D:2      | Reached skill level 6 in Spellcasting
  1757 | D:2      | Reached XP level 4. HP: 24/24 MP: 10/14
  2587 | D:3      | Noticed Robin
  2607 | D:3      | Reached XP level 5. HP: 18/28 MP: 0/16
  2658 | D:3      | Killed Robin
  2658 | D:3      | Reached skill level 7 in Spellcasting
  3016 | D:3      | Found a faded altar of an unknown god.
  3153 | D:3      | Found a sacrificial altar of Ru.
  3501 | D:4      | Noticed fatfloppyjuicyveiny's ghost (amateur KoHu)
  3513 | D:4      | Killed fatfloppyjuicyveiny's ghost
  3513 | D:4      | Reached skill level 8 in Spellcasting
  3513 | D:4      | Reached XP level 6. HP: 32/32 MP: 3/19
  3676 | D:4      | Noticed Menkaure
  3685 | D:4      | Killed Menkaure
  4050 | D:4      | Noticed Eustachio
  4063 | D:4      | Slain by a white imp

Skill      XL: |  1  2  3  4  5  6 |
---------------+-------------------+-----
Spellcasting   | 5 6 8 |  8.9
Conjurations   | 2 3 4 |  4.3
Dodging        | |  2.4
Stealth        | |  2.4
Summonings     | |  1.1
Translocations | |  1.1

Action                   |  1- 3 |  4- 6 || total
-------------------------+-------+-------++-------
Melee: Club              |       |    23 ||    23
 Cast: Magic Dart        |    98 |   141 ||   239
       Conjure Flame     |       |     2 ||     2
  Use: Scroll            |     5 |     3 ||     8
       Potion            |     1 |     3 ||     4
  Eat: Bread ration      |     1 |       ||     1
       Fruit             |       |     4 ||     4
       Pizza             |       |     1 ||     1
Armor: Robe              |     2 |     6 ||     8
       Skin              |       |    19 ||    19
Dodge: Dodged            |    13 |    39 ||    52
